 Dungeon Sprint DCSS version 0.30-a0-996-ga6910c8ee8 (webtiles) character file.

Game seed: 14844848606547593891

132 DiggyJ the Ducker (level 7, -18/117 HPs)
             Began as a Troll Berserker on Apr 4, 2023.
             Was a High Priest of Trog.
             Hit by a boomerang thrown by a merfolk (20 damage)
             ... in the Dungeon (Sprint VI: "Thunderdome").
             The game lasted 00:05:17 (513 turns).

DiggyJ the Ducker (Troll Berserker)                  Turns: 513, Time: 00:05:19

Health: -18/117    AC:  6    Str: 34    XL:     7   Next: 9%
Magic:  6/6        EV: 12    Int:  9    God:    Trog [*****.]
Gold:   130        SH:  0    Dex: 13    Spells: 6/6 levels left

rFire   . . .      SeeInvis .    a - +0 hand axe
rCold   + . .      Faith    .    (no shield)
rNeg    . . .      Spirit   .    n - +0 troll leather armour
rPois   .          Reflect  .    (helmet restricted)
rElec   +          Rampage  .    (no cloak)
rCorr   .          NoTele   +    (gloves unavailable)
Will    .....                    (boots unavailable) Stlth
                                 (no amulet)
HPRegen 1.99/turn                o - ring "Liadouh" {rC+ Str+6 Dex+4}
MPRegen 0.10/turn                p - ring "Gaedeb" {rElec Int+6}

@: berserking, very quick
A: large, unfitting armour, claws 3, regeneration 1, shaggy fur 1, tough skin 1
a: Renounce Religion, Berserk, Trog's Hand, Brothers in Arms


You were in the Dungeon.
You worshipped Trog.
Trog was extremely pleased with you.
You visited 1 branch You collected 400 gold pieces.
You spent 270 gold pieces at shops.

Inventory:

Hand Weapons
 a - a +0 hand axe (weapon)
Armour
 b - a +0 animal skin
 m - a +0 robe
 n - a +0 troll leather armour (worn)
Jewellery
 o - the ring "Liadouh" (left claw) {rC+ Str+6 Dex+4}
   (You bought it in a shop in the Dungeon)

   [ring of strength]

   Str:       It affects your strength (+6).
   Dex:       It affects your dexterity (+4).
   rC:        It protects you from cold.
 p - the ring "Gaedeb" (right claw) {rElec Int+6}
   (You bought it in a shop in the Dungeon)

   [ring of intelligence]

   Int:       It affects your intelligence (+6).
   rElec:     It insulates you from electricity.
Wands
 j - a wand of acid (5)
 k - a wand of iceblast (2)
Scrolls
 h - 4 scrolls of blinking
 l - 3 scrolls of fog
Potions
 c - a potion of curing
 d - 4 potions of heal wounds
 e - 4 potions of haste
 f - 2 potions of magic
 g - a potion of berserk rage
 i - a potion of resistance


   Skills:
 + Level 7.4 Fighting
 + Level 7.8 Axes
 + Level 1.8 Armour
 + Level 7.9 Dodging
 + Level 0.2 Evocations


You had 6 spell levels left.
You didn't know any spells.
Your spell library was empty.

Dungeon Overview and Level Annotations

Branches:
Dungeon (1/1)

Altars:
Cheibriados
Dithmenos
Fedhas
Gozag
Kikubaaqudgha
Makhleb
Okawaru
Qazlal
Ru
Sif Muna
Trog
Uskayaw
Vehumet
Wu Jian
Xom
Yredelemnul
Zin
The Shining One
Lugonu

Shops:
D *[??*?*:[((!!!!


Innate Abilities, Weirdness & Mutations

You are too large for most types of armour.
You have claws for hands.
Your natural rate of healing is unusually fast.
You are covered in fur. (AC +1)
You have tough skin. (AC +1)


Message History

The iceblast engulfs the centaur!
The centaur is heavily wounded.
The iceblast engulfs the merfolk!
The merfolk is moderately wounded.
The merfolk throws a boomerang.
The boomerang hits you but does no damage.
The wyvern closely misses you.
A red film seems to cover your vision as you go berserk!
You feel yourself moving faster!
You feel mighty! The wyvern bites you!
The merfolk throws a boomerang.
The boomerang hits you!
You slash the wyvern!
The wyvern is moderately wounded.
The wyvern bites you!
You slash the wyvern!
The wyvern is almost dead.
The wyvern bites you but does no damage.
The merfolk throws a boomerang.
The boomerang hits you!
The merfolk hits you from afar with a +0 trident!
* * * LOW HITPOINT WARNING * * *
The merfolk hits you from afar with a +0 trident!
* * * LOW HITPOINT WARNING * * *
You barely miss the wyvern.
The wyvern is almost dead.
The wyvern closely misses you.
You slash the wyvern!
You kill the wyvern!
Trog accepts your kill.
You hit the centaur.
The merfolk throws a boomerang.
The boomerang closely misses you.
The merfolk throws a boomerang.
The boomerang hits you!
* * * LOW HITPOINT WARNING * * *
The merfolk throws a boomerang.
The boomerang closely misses you.
You have reached level 7!
You barely miss the centaur.
The centaur is heavily wounded.
The centaur unwields a +0 shortbow.
The centaur hits you but does no damage.
The centaur kicks you but does no damage.
The merfolk throws a boomerang.
The boomerang hits you!!
You die...

#⌠..........###...###..........⌠#
#⌠..........# #.<.# #..........⌠#
#⌠..........###...###..........⌠#
##.............###.............##
###∩........8.# #.8........∩###
##∩___....).###......__.∩##
######.8.........8.######
#§...†.......⌠# ###m.).@....###
#_..c†..._# #_..Cmm.._#
#_......._# #∩.......∩#
##∩.....∩## ##.....## ##§§§##
#####


You could see 3 merfolk, a cyclops and a centaur.

Vanquished Creatures
  A wyvern (D)
  Sigmund (D)
  A necrophage (D)
  2 scorpions (D)
  A wight (D)
  An adder (D)
  An adder zombie (D)
  2 worms (D)
  A bat (D)
  A bat zombie (D)
  A giant cockroach (D)
  A goblin (D)
  A ball python (D)
  2 ball python skeletons (D)
17 creatures vanquished.

Notes
Turn   | Place    | Note
-------+----------+-------------------------------------------
     0 | D        | DiggyJ the Troll Berserker began the quest for the Orb.
     0 | D        | Reached XP level 1. HP: 22/22 MP: 0/0
     4 | D        | Found a shadowy altar of Dithmenos.
     4 | D        | Found a bloodstained altar of Trog.
     5 | D        | Found a snail-covered altar of Cheibriados.
     5 | D        | Round 1.
     6 | D        | Found a radiant altar of Vehumet.
     7 | D        | Found Cuseh's Distillery.
     7 | D        | Found a basalt altar of Yredelemnul.
     7 | D        | Found an ancient bone altar of Kikubaaqudgha.
     7 | D        | Found Ticoplol's Do-It-Yourself Clinic.
     8 | D        | Found Tesiek's Distillery.
     8 | D        | Found Lixodis's Bottled Wisdom.
    14 | D        | Found a blossoming altar of Fedhas.
    16 | D        | Found an ornate altar of the Wu Jian Council.
    17 | D        | Found a glowing golden altar of the Shining One.
    19 | D        | Found Esus's Weapon Rack.
    20 | D        | Found Xixuun's Basic Armour.
    20 | D        | Found Qavoluru's Miscellaneous Merchandise.
    21 | D        | Found an opulent altar of Gozag.
    21 | D        | Found a burning altar of Makhleb.
    21 | D        | Found a shimmering altar of Xom.
    21 | D        | Found Qugefeok's Premium Goods.
    29 | D        | Found a sacrificial altar of Ru.
    30 | D        | Found a corrupted altar of Lugonu.
    31 | D        | Found an iron altar of Okawaru.
    31 | D        | Noticed Sigmund
    42 | D        | Reached XP level 2. HP: 14/31 MP: 1/1
    44 | D        | Killed Sigmund
    44 | D        | Reached ** piety under Trog
    45 | D        | Reached skill level 5 in Fighting
    45 | D        | Reached skill level 5 in Axes
    45 | D        | Reached skill level 5 in Dodging
    45 | D        | Reached XP level 3. HP: 22/42 MP: 2/2
    45 | D        | Reached XP level 4. HP: 26/50 MP: 3/3
    45 | D        | Reached XP level 5. HP: 30/57 MP: 4/4
    48 | D        | Found Qoavvuet's Identification Station.
    49 | D        | Found a glowing silver altar of Zin.
    49 | D        | Found a hide-covered altar of Uskayaw.
    50 | D        | Found Azixtiud's Advanced Armour.
    50 | D        | Found Goize's Jewellery.
    55 | D        | Found a stormy altar of Qazlal.
    56 | D        | Found a shimmering blue altar of Sif Muna.
    60 | D        | Found Xotzojan's Magic Scroll Shop.
    61 | D        | Found Duloal's Magic Scroll Shop.
    61 | D        | Found Jisk's Must-Have Magic.
    62 | D        | Found Guiprocw's Staff Store.
   118 | D        | Arena points: 12 (+12) [x2]
   161 | D        | Round 2.
   173 | D        | Reached *** piety under Trog
   237 | D        | Bought a +0 troll leather armour for 180 gold pieces
   289 | D        | Reached XP level 6. HP: 64/68 MP: 5/5
   308 | D        | Reached **** piety under Trog
   308 | D        | Arena points: 48 (+36) [x3]
   332 | D        | Bought a brightly glowing pewter ring for 45 gold pieces
   332 | D        | Identified the ring "Liadouh" {rC+ Str+6 Dex+4} (You bought
                  | it in a shop in the Dungeon)
   332 | D        | Bought an ancient amber ring for 45 gold pieces
   332 | D        | Identified the ring "Gaedeb" {rElec Int+6} (You bought it
                  | in a shop in the Dungeon)
   362 | D        | Round 3.
   467 | D        | Reached skill level 1 in Armour
   471 | D        | Reached ***** piety under Trog
   477 | D        | Arena points: 132 (+84) [x4]
   503 | D        | Round 4.
   503 | D        | Noticed a merfolk
   503 | D        | Noticed a merfolk
   503 | D        | Noticed a merfolk
   504 | D        | Noticed a cyclops
   504 | D        | Noticed a wyvern
   512 | D        | Killed a wyvern
   512 | D        | HP: 1/106 [merfolk/boomerang (15)]
   513 | D        | Reached XP level 7. HP: 1/78 MP: 6/6
   513 | D        | Hit by a boomerang thrown by a merfolk

Illustrated notes

Levels and vault maps discovered:
D:        arena_sprint

Skill      XL: |  1  2  3  4  5  6 |
---------------+-------------------+-----
Fighting       | 3 5 6 7 |  7.4
Axes           | 3 5 6 7 |  7.8
Dodging        | 3 5 6 7 |  7.9
Armour         | 1 |  1.8
Evocations     | |  0.2

Action                     |  1- 3 |  4- 6 |  7- 9 || total
---------------------------+-------+-------+-------++-------
  Melee: Hand axe          |    10 |    78 |     1 ||    89
         Punch             |       |     2 |       ||     2
 Invoke: Berserk           |     1 |     1 |       ||     2
  Evoke: Wand              |     1 |     2 |       ||     3
 Armour: Animal skin       |     4 |     5 |       ||     9
         Troll leather arm |       |    22 |     2 ||    24
  Dodge: Dodged            |     7 |    59 |       ||    66

Table legend: (Time is in decaauts)
 A = Elapsed time spent in this place.
 B = Non-inter-level travel time spent in this place.
 C = Inter-level travel time spent in this place.
 D = Time resting spent in this place.
 E = Time spent auto-exploring this place.
 F = Levels seen in this place.
 G = Mean time per level.
                   A        B        C        D        E       F      G
               +--------+--------+--------+--------+--------+-----+--------+
         Total |    518 |    518 |      0 |      0 |      0 |   1 |  518.0 |
       Dungeon |    518 |    518 |      0 |      0 |      0 |   1 |  518.0 |
               +--------+--------+--------+--------+--------+-----+--------+

Top non-repeatable levels by time:
       D: 518 daAuts
